 Dungeon Crawl Stone Soup version 0.30.1-4-g462c640d31 (webtiles) character file.

Game seed: 2877146699660767348

52668 ChiefBigBeans the Spry (level 14, -1/116 HPs)
             Began as a Merfolk Gladiator on Sept 7, 2023.
             Was the Champion of Okawaru.
             Slain by a spriggan rider
             ... wielding a +0 spear
              (9 damage)
             ... on level 5 of the Lair of Beasts on Sept 12, 2023.
             The game lasted 00:42:48 (18006 turns).

ChiefBigBeans the Spry (Merfolk Gladiator)         Turns: 18006, Time: 00:42:49

Health: -1/116     AC: 25    Str: 23    XL:     14   Next: 65%
Magic:  14/14      EV: 23    Int:  5    God:    Okawaru [******]
Gold:   1015       SH:  0    Dex: 21    Spells: 13/13 levels left

rFire   . . .        p - +11 plutonium sword {Contam Stlth-}
rCold   . . .        (shield currently unavailable)
rNeg    . . .        k - +8 chain mail of Hoost {+Blink Dex+3}
rPois   +            c - +2 helmet
rElec   +            B - scarf "Cyisohu" {harm, rElec rPois SInv}
rCorr   .            t - +2 pair of gloves
SInv    +            (no boots)
Will    +....        (no amulet) Stlth
                     e - +5 ring of evasion
HPRegen 0.39/turn    D - +6 ring of strength
MPRegen 0.14/turn

%: harm (+30% outgoing, +20% incoming)
@: no status effects
A: (nimble swimmer 2), mertail, dopey 1
a: Renounce Religion, Evoke Blink, Heroism, Finesse, Duel


You were on level 5 of the Lair of Beasts.
You worshipped Okawaru.
Okawaru was exalted by your worship.
You visited 3 branches of the dungeon, and saw 17 of its levels.

You collected 1015 gold pieces.

Inventory:

Hand Weapons
 p - the +11 plutonium sword (weapon) {Contam Stlth-}
   (You found it on level 4 of the Dungeon)

   Contam:    It causes magical contamination when unequipped.
   Stlth:     It makes you less stealthy.
 I - the +5 trident of Qikiykice {freeze, Will+}
   (You found it on level 4 of the Lair of Beasts)

   Will:      It increases your willpower.
Missiles
 n - 7 curare-tipped darts
 u - 33 poisoned darts
 v - a javelin
 E - a silver javelin (quivered)
 F - an atropa-tipped dart
 L - 3 datura-tipped darts
Armour
 c - a +2 helmet (worn)
 k - the +8 chain mail of Hoost (worn) {+Blink Dex+3}
   (You found it on level 6 of the Dungeon)

   Dex:       It affects your dexterity (+3).
   +Blink:    It lets you blink.
 r - a scarf of repulsion
 t - a +2 pair of gloves (worn)
 B - the scarf "Cyisohu" (worn) {harm, rElec rPois SInv}
   (Okawaru gifted it to you on level 10 of the Dungeon)

   rElec:     It insulates you from electricity.
   rPois:     It protects you from poison.
   SInv:      It lets you see invisible.
Jewellery
 b - a +4 ring of protection
 d - a +4 ring of protection
 e - a +5 ring of evasion (left hand)
 w - a ring of ice
 D - a +6 ring of strength (right hand)
 J - a ring of positive energy
 M - a +4 ring of protection
Wands
 l - a wand of flame (28)
 q - a wand of quicksilver (8)
 x - a wand of mindburst (5)
 y - a wand of digging (11)
 z - a wand of roots (13)
Scrolls
 f - 2 scrolls of teleportation
 j - a scroll of fog
 m - 11 scrolls of identify
 o - 3 scrolls of brand weapon
 A - 2 scrolls of poison
Potions
 g - 3 potions of magic
 i - 4 potions of haste
 s - 3 potions of invisibility
 C - a potion of flight
 H - a potion of might {unknown}
Miscellaneous
 G - a box of beasts


   Skills:
 + Level 12.8 Fighting
 - Level 3.0(9.5) Short Blades
 + Level 13.8(13.9) Long Blades
 - Level 4.6 Polearms
 + Level 11.7 Throwing
 + Level 8.1 Armour
 + Level 15.2 Dodging
 - Level 0.2 Stealth


You had 13 spell levels left.
You didn't know any spells.
Your spell library contained the following spells:

 Spells                   Type           Power      Damage    Failure   Level
 Sting                    Tmut/Pois      0%         1d3       95%         1
 Ensorcelled Hibernation  Hex/Ice        0%         N/A       98%         2
 Lesser Beckoning         Tloc           0%         N/A       98%         2
 Poisonous Vapours        Pois/Air       0%         N/A       98%         2
 Gell's Gravitas          Tloc           0%         N/A       100%        3
 Inner Flame              Hex/Fire       0%         N/A       100%        3
 Spider Form              Tmut/Pois      0%         N/A       100%        3
 Teleport Other           Tloc           0%         N/A       100%        3
 Anguish                  Hex/Necr       0%         N/A       100%        4
 Olgreb's Toxic Radiance  Pois           0%         N/A       100%        4
 Passage of Golubria      Tloc           0%         N/A       100%        4
 Yara's Violent Unravell  Hex/Tmut       0%         3d3       100%        5
 Enfeeble                 Hex            0%         N/A       100%        7
 Tukima's Dance           Hex            Unusable   N/A       N/A         3

Dungeon Overview and Level Annotations

Branches:
Dungeon (11/15)            Temple (1/1) D:4            Lair (5/5) D:8
  Swamp (0/4) Lair:2       Spider (0/4) Lair:2
  Slime: Lair:4-5       Orc: D:9-12

Altars:
Ashenzari
Cheibriados
Dithmenos
Elyvilon
Fedhas
Gozag
Hepliaklqana
Kikubaaqudgha
Makhleb
Nemelex Xobeh
Okawaru
Qazlal
Ru
Sif Muna
Trog
Uskayaw
Vehumet
Wu Jian
Xom
Yredelemnul
Zin
The Shining One

Portals:
Abyss: Lair:3

Annotations:
D:4 2 transporters, Zeor's ghost, amateur DEGl
D:11 3 runed translucent doors, Whoops's ghost, journeyman DsFi
Lair:3 2 transporters, Eli's ghost, journeyman TeCj


Innate Abilities, Weirdness & Mutations

((You are very nimble when in or above water. (Stealth+, EV+, Speed+++)))
Your lower body shifts to a powerful aquatic tail in water.
You are dopey. (Int -2)


Message History

* * * LOW HITPOINT WARNING * * *
You feel better.
The cane toad stings you but does no damage.
The spriggan rider hits you from afar with a +0 spear!
* * * LOW HITPOINT WARNING * * *
As you read the scroll of fear, it crumbles to dust.
You assume a fearsome visage.
The spriggan rider looks frightened!
The cane toad looks frightened!
You feel better.
You feel better.
You feel better.
You see here a polar bear corpse.
Items here: ) [[ ††††.
You completely miss the cane toad. The cane toad closely misses you.
You slash the cane toad!
The cane toad is moderately wounded.
The cane toad barely misses you.
You hit the cane toad.
The cane toad is heavily wounded.
The cane toad misses you. The cane toad stings you!
* * * LOW HITPOINT WARNING * * *
The spriggan rider hits you but does no damage.
You open the cane toad like a pillowcase!!!
You kill the cane toad!
Okawaru accepts your kill.
The spriggan rider hits you but does no damage.
The spriggan rider hits you with a +0 spear!
* * * LOW HITPOINT WARNING * * *
You see here a cane toad corpse.
You miss the spriggan rider. The spriggan rider misses you.
You closely miss the spriggan rider.
The spriggan rider hits you with a +0 spear!
* * * LOW HITPOINT WARNING * * *
You slash the spriggan rider!
The spriggan rider is moderately wounded.
The spriggan rider barely misses you.
You miss the spriggan rider.
The spriggan rider is moderately wounded.
The spriggan rider hits you with a +0 spear!
You die...

.........................
.........................
.........................
.........................
........)................
.........................
.........................
.......†.................
#...#.#.@.......P.###P...
######.†i......#### ##P..
#...[......# #...
#.....(....## ..
#..........P# ..
##.........## ..
##...(....♣♣ ..
##.......♣♣♣ ..
##†......♣♣ ♣♣ ..


You could see a spriggan rider.

Vanquished Creatures
  2 hydras
  Fannar (Lair:3)
  A boulder beetle (D:10)
  3 two-headed ogres
  5 death yaks (Lair:4)
  Sonja (Lair:4)
  A skyshark (Lair:5)
  A deep troll (Lair:2)
  A lindwurm (Lair:4)
  A deep elf pyromancer (D:9)
  An oklob plant (Lair:2)
  15 elephants
  2 black mambas
  11 cane toads
  A gargoyle (D:10)
  An unseen horror (D:10)
  7 komodo dragons
  11 rime drakes
  4 hornets
  4 polar bears
  3 trolls
  A meliai (Lair:5)
  13 blink frogs
  A dream sheep (Lair:5)
  11 wyverns
  A shadow (D:10)
  A wraith (D:10)
  7 spriggans (Lair:5)
  56 yaks
  A redback (Lair:2)
  12 vampire mosquitoes (D:10)
  8 basilisks
  4 steam dragons
  Edmund (D:4)
  3 acid dragons
  22 water moccasins
  3 orc warriors (D:9)
  An ice beast (D:6)
  4 black bears
  A boggart (Lair:5)
  28 wolves
  2 ogres
  8 centaurs
  A phantom (D:4)
  4 kobold brigands
  2 scorpions (D:6)
  A gnoll sergeant (D:9)
  13 bullfrogs
  10 killer bees
  2 vampire bats (D:3)
  4 howler monkeys
  A jelly (D:7)
  5 hounds
  2 gnoll boudas (D:9)
  7 orc priests
  4 iguanas
  7 hell rats (Lair:3)
  5 orc wizards
  5 adders
  7 gnolls
  2 white imps (D:5)
  A worm (D:3)
  A dart slug (D:5)
  25 orcs
  8 ball pythons
  7 bats
  4 bat skeletons (D:3)
  2 bat zombies (D:3)
  5 endoplasms
  3 giant cockroaches
  7 goblins
  5 hobgoblins
  2 jackals (D:5)
  5 quokkas
  6 frilled lizards
  39 kobolds
  9 rats
477 creatures vanquished.

Notes
Turn   | Place    | Note
-------+----------+-------------------------------------------
     0 | D:1      | ChiefBigBeans the Merfolk Gladiator began the quest for the
                  | Orb.
     0 | D:1      | Reached XP level 1. HP: 16/16 MP: 1/1
    66 | D:1      | Reached XP level 2. HP: 23/23 MP: 2/2
   677 | D:2      | Reached XP level 3. HP: 28/28 MP: 3/3
  1303 | D:2      | Reached XP level 4. HP: 34/34 MP: 4/4
  1527 | D:3      | Reached skill level 1 in Short Blades
  1973 | D:3      | Found an ancient bone altar of Kikubaaqudgha.
  1994 | D:3      | Reached skill level 5 in Dodging
  1994 | D:3      | Reached XP level 5. HP: 39/41 MP: 5/5
  2520 | D:4      | Found the +11 plutonium sword {Contam Stlth-}
  2554 | D:4      | Noticed Edmund
  2568 | D:4      | Killed Edmund
  2569 | D:4      | Reached skill level 1 in Long Blades
  2569 | D:4      | Reached XP level 6. HP: 10/48 MP: 6/6
  2735 | D:4      | Found a staircase to the Ecumenical Temple.
  3098 | D:4      | Reached XP level 7. HP: 34/54 MP: 7/7
  3212 | D:4      | Reached skill level 6 in Dodging
  3264 | D:4      | Noticed Zeor's ghost (amateur DEGl)
  3265 | D:4      | Found a transporter.
  3308 | D:4      | Found a transporter.
  3861 | Temple   | Entered the Ecumenical Temple
  4007 | Temple   | Became a worshipper of Warmaster Okawaru
  4186 | D:5      | Entered Level 5 of the Dungeon
  4459 | D:5      | Found a radiant altar of Vehumet.
  4859 | D:5      | Gained mutation: You are dopey. (Int -2) [potion of
                  | mutation]
  4950 | D:6      | Reached XP level 8. HP: 60/61 MP: 8/8
  5139 | D:6      | Reached skill level 5 in Fighting
  5139 | D:6      | Reached skill level 5 in Long Blades
  5165 | D:6      | Reached * piety under Okawaru
  5166 | D:6      | Reached skill level 7 in Dodging
  5188 | D:6      | Identified the +8 chain mail of Hoost {+Blink Dex+3}
  5471 | D:6      | Reached skill level 5 in Throwing
  5834 | D:7      | Reached skill level 1 in Armour
  5900 | D:7      | Reached ** piety under Okawaru
  5901 | D:7      | Reached XP level 9. HP: 69/69 MP: 9/9
  6591 | D:8      | Reached skill level 8 in Dodging
  6611 | D:8      | Found a glowing golden altar of the Shining One.
  6776 | D:8      | Found a hazy altar of Hepliaklqana.
  6851 | D:8      | Found a staircase to the Lair.
  6885 | D:8      | Reached *** piety under Okawaru
  7103 | D:8      | Noticed a troll
  7112 | D:8      | Killed a troll
  7113 | D:8      | Reached skill level 9 in Dodging
  7195 | D:8      | Reached XP level 10. HP: 78/79 MP: 10/10
  7283 | D:8      | You fall into a shaft and drop 2 floors!
  7283 | D:10     | Entered Level 10 of the Dungeon
  7372 | D:10     | Found a white marble altar of Elyvilon.
  7397 | D:10     | Reached **** piety under Okawaru
  7541 | D:10     | Noticed a gargoyle
  7546 | D:10     | Killed a gargoyle
  7671 | D:10     | Noticed a boulder beetle
  7691 | D:10     | Killed a boulder beetle
  7691 | D:10     | Reached ***** piety under Okawaru
  7692 | D:10     | Reached skill level 10 in Dodging
  8063 | D:8      | Found a burning altar of Makhleb.
  8284 | D:9      | Noticed a two-headed ogre
  8287 | D:9      | Reached XP level 11. HP: 65/87 MP: 11/11
  8289 | D:9      | Paralysed by a hornet for 3 turns
  8473 | D:8      | Killed a two-headed ogre
  9124 | D:9      | Noticed a deep elf pyromancer
  9131 | D:9      | Killed a deep elf pyromancer
  9569 | D:9      | Reached skill level 11 in Dodging
  9575 | D:9      | Received a gift from Okawaru
 10064 | D:10     | Reached skill level 10 in Long Blades
 10195 | D:10     | Reached ****** piety under Okawaru
 10195 | D:10     | Identified the scarf "Cyisohu" {harm, rElec rPois SInv}
                  | (Okawaru gifted it to you on level 10 of the Dungeon)
 10195 | D:10     | Received a gift from Okawaru
 10196 | D:10     | Reached skill level 5 in Armour
 10215 | D:10     | Found an ornate altar of the Wu Jian Council.
 10221 | D:10     | Found a shimmering altar of Xom.
 10460 | D:11     | Noticed a two-headed ogre
 10463 | D:11     | Killed a two-headed ogre
 10549 | D:11     | Noticed a minotaur
 10601 | D:11     | Found a runed translucent gate.
 10602 | D:11     | Found a runed translucent gate.
 10603 | D:11     | Found a runed translucent gate.
 10608 | D:11     | Noticed Whoops's ghost (journeyman DsFi)
 10989 | D:11     | Noticed a two-headed ogre
 10991 | D:11     | Killed a two-headed ogre
 11194 | Lair:1   | Entered Level 1 of the Lair of Beasts
 11940 | Lair:1   | Reached XP level 12. HP: 97/97 MP: 12/12
 12473 | Lair:2   | Reached skill level 12 in Dodging
 12619 | Lair:2   | Reached skill level 10 in Fighting
 12730 | Lair:2   | Received a gift from Okawaru
 13023 | Lair:2   | Found a hole to the Spider Nest.
 13057 | Lair:2   | Found a staircase to the Swamp.
 13264 | Lair:2   | Received a gift from Okawaru
 13812 | Lair:3   | Noticed a six-headed hydra
 13821 | Lair:3   | Killed a nine-headed hydra
 13822 | Lair:3   | Received a gift from Okawaru
 13845 | Lair:3   | Reached skill level 13 in Dodging
 13853 | Lair:3   | Received a gift from Okawaru
 13855 | Lair:3   | Reached skill level 10 in Throwing
 13858 | Lair:3   | Reached XP level 13. HP: 35/105 MP: 13/13
 13902 | Lair:3   | HP: 1/105 [wyvern (5)]
 14163 | Lair:3   | Noticed Fannar
 14174 | Lair:3   | Killed Fannar
 14494 | Lair:3   | Found a transporter.
 14517 | Lair:3   | Found a transporter.
 14517 | Lair:3   | Found a one-way gate to the infinite horrors of the Abyss.
 14517 | Lair:3   | Noticed Eli's ghost (journeyman TeCj)
 14546 | Lair:3   | Identified the +6 scimitar of Voracious Fortitude {holy,
                  | Str+2 Dex-2 Stlth+} (Okawaru gifted it to you on level 3 of
                  | the Lair of Beasts)
 14546 | Lair:3   | Received a gift from Okawaru
 15130 | Lair:4   | Found a blossoming altar of Fedhas.
 15263 | Lair:4   | Identified the +5 trident of Qikiykice {freeze, Will+}
 15308 | Lair:4   | Received a gift from Okawaru
 15493 | Lair:3   | Reached skill level 14 in Dodging
 15917 | Lair:4   | Found an iron altar of Okawaru.
 16068 | Lair:4   | Noticed Sonja
 16070 | Lair:4   | Killed Sonja
 16431 | Lair:5   | Entered Level 5 of the Lair of Beasts
 16435 | Lair:5   | Received a gift from Okawaru
 16526 | Lair:4   | Reached XP level 14. HP: 90/115 MP: 14/14
 16529 | Lair:4   | Received a gift from Okawaru
 16780 | Lair:5   | Received a gift from Okawaru
 17417 | Lair:4   | Received a gift from Okawaru
 17437 | Lair:4   | Reached skill level 15 in Dodging
 17668 | Lair:5   | Received a gift from Okawaru
 17957 | Lair:5   | Received a gift from Okawaru
 17976 | Lair:5   | HP: 5/116 [spriggan rider/+0 spear (18)]
 18006 | Lair:5   | Slain by a spriggan rider

Illustrated notes

Levels and vault maps discovered:
D:1:      roderic_dead_forest, layout_rooms, due_unseen_surprise
D:2:      layout_loops_corners, minmay_crystal_room
D:3:      layout_loops_ring, kennysheep_vampire_church
D:4:      layout_layer_cave, minmay_temple_entry_hall, gammafunk_ghost_arena,
          chequers_serial_rivers_large_b,
          nicolae_concentric_dashed_squares_wild, minmay_misc_feat_enclosed,
          kennysheep_cross_room, uniq_edmund
D:5:      layout_loops_ring, nicolae_vehumet_radiance,
          chequers_serial_rivers_micro_e
D:6:      layout_basic
D:7:      layout_gridville, serial_glass, glass_columns_c, glass_columns_a,
          glass_columns_a, glass_columns_b, glass_columns_b, glass_columns_a,
          glass_columns_a, glass_columns_a
D:8:      minmay_evil_eye, layout_gridville, lemuel_doored_altar,
          tso_metal_star, mainiacjoe_overflow_small_starburst,
          due_lair_maze_entry_diamond
D:9:      kennysheep_kobold_camp, layout_gridville, minivault_23,
          minmay_circle_x
D:10:     layout_loops_ring, mainiacjoe_overflow_brackets,
          amethyst_overflow_temple_binary, minmay_between
D:11:     layout_basic, maelrawn_ghost_gauntlet_escape
Temple:   jpeg_temple_clearing
Lair:1:   layout_layer_cave, lemuel_fruit_fields, grunt_megastairs_4,
          serial_bayou_shore_b
Lair:2:   dreamdust_cave_troll, layout_regular_city, swamp_mist_pool,
          spider_nest_entry_a, minmay_lair_oklob_items, grunt_megastairs_3
Lair:3:   layout_roguey, gammafunk_ghost_abyssal_escape, special_room
          [special_room_mythical_zoo], grunt_forest_small_clearing_treed,
          serial_bayou_shore_a, uniq_fannar
Lair:4:   layout_gridlike, basic_altar, st_stairs_5, lemuel_centaur_altar,
          uniq_sonja
Lair:5:   minmay_lair_end_enchanted_forest, layout_big_grid, slime_entry_1

Skill      XL: |  1  2  3  4  5  6  7  8  9 10 11 12 13 14 |
---------------+-------------------------------------------+-----
Short Blades   | 2 3 |  3.0
Fighting       | 3 4 6 7 8 9 10 12 | 12.8
Throwing       | 3 4 5 6 7 8 10 11 | 11.7
Dodging        | 5 6 7 9 10 11 13 14 15 | 15.2
Long Blades    | 1 2 4 6 7 9 10 11 13 | 13.8
Armour         | 1 3 4 5 6 7 8 |  8.1
Polearms       | |  4.6
Stealth        | |  0.2

Action                     |  1- 3 |  4- 6 |  7- 9 | 10-12 | 13-15 || total
---------------------------+-------+-------+-------+-------+-------++-------
  Melee: Trident           |    65 |       |       |       |       ||    65
         Dagger            |     8 |    84 |       |       |       ||    92
         Triple sword      |       |    25 |   175 |   343 |   453 ||   996
         Tailslap          |       |       |       |       |     1 ||     1
  Throw: Throwing net      |     4 |       |       |       |       ||     4
         Javelin           |    13 |    18 |     5 |    40 |     2 ||    78
         Dart              |       |     9 |    47 |    75 |    12 ||   143
    Use: Potion            |     2 |     3 |     4 |     4 |    14 ||    27
         Scroll            |     1 |     2 |    10 |     4 |     4 ||    21
   Stab: Sleeping          |     3 |       |       |       |       ||     3
 Armour: Leather armour    |    12 |    73 |    30 |       |       ||   115
         Chain mail        |       |       |   167 |   232 |   400 ||   799
  Dodge: Dodged            |    32 |   165 |   191 |   508 |  1209 ||  2105
